 Dungeon Crawl Stone Soup version 0.31-a0-691-g409c26aa35 (webtiles) character file.

Game seed: 16801404797641523830

56 oldmanjim the Prestidigitator (level 3, 0/35 HPs)
             Began as a Gnoll Wanderer on Sept 6, 2023.
             Slain by a cerulean imp
             ... wielding a +0 spear
             ... summoned by Natasha
              (4 damage)
             ... on level 2 of the Dungeon.
             The game lasted 00:05:15 (1511 turns).

oldmanjim the Prestidigitator (Gnoll Wanderer)      Turns: 1511, Time: 00:05:16

Health: 0/35       AC:  3    Str: 16    XL:     3   Next: 95%
Magic:  2/2        EV: 16    Int: 10    God:
Gold:   84         SH:  0    Dex: 11    Spells: 7/7 levels left

rFire   . . .        a - +3 sling "Pikkeam" {antimagic, rPois Str+2}
rCold   . . .        (no shield)
rNeg    . . .        d - +0 leather armour
rPois   +            (no helmet)
rElec   .            (no cloak)
rCorr   .            (no gloves)
SInv    .            (no boots)
Will    .....        (no amulet)
Stlth   +            q - +5 ring of evasion
HPRegen 0.25/turn    (no ring)
MPRegen 0.08/turn

%: no passive effects
@: no status effects
A: fangs 1, strong nose, distributed training
a: no special abilities


You were on level 2 of the Dungeon.
You visited 1 branch of the dungeon, and saw 2 of its levels.

You collected 84 gold pieces.

Inventory:

Hand Weapons
 a - the +3 sling "Pikkeam" (weapon) {antimagic, rPois Str+2}
   (You found it on level 2 of the Dungeon)

   Str+2:     It affects your strength (+2).
   rPois:     It protects you from poison
 b - a +0 club
 r - a +0 sling
Missiles
 g - 23 stones
Armour
 d - a +0 leather armour (worn)
 o - a +0 ring mail
Jewellery
 q - a +5 ring of evasion (left hand)
Wands
 e - a wand of acid (2)
Scrolls
 f - 4 scrolls of teleportation
 h - a scroll of amnesia {unknown}
 j - 2 scrolls of identify {unknown}
 l - a scroll of noise {unknown}
Potions
 c - a potion of brilliance
 i - 2 potions of curing {unknown}
 k - a potion of ambrosia {unknown}
 m - a potion of haste {unknown}
 n - a potion of lignification {unknown}
 p - 4 potions of attraction {unknown}


   Skills:
 + Level 6.5 Fighting
 + Level 1.0 Short Blades
 + Level 1.0 Long Blades
 + Level 1.0 Axes
 + Level 1.0 Maces & Flails
 + Level 1.0 Polearms
 + Level 1.0 Staves
 + Level 1.0 Ranged Weapons
 + Level 1.0 Throwing
 + Level 2.7 Armour
 + Level 1.0 Dodging
 + Level 1.0 Stealth
 + Level 1.0 Shields
 + Level 2.7 Unarmed Combat
 + Level 2.9 Spellcasting
 + Level 0.7 Conjurations
 + Level 0.7 Hexes
 + Level 0.7 Summonings
 + Level 0.7 Necromancy
 + Level 0.7 Translocations
 + Level 0.7 Transmutations
 + Level 0.7 Fire Magic
 + Level 0.7 Ice Magic
 + Level 0.7 Air Magic
 + Level 0.7 Earth Magic
 + Level 0.7 Poison Magic
 + Level 1.1 Invocations
 + Level 8.5 Evocations
 + Level 0.9 Shapeshifting


You had 7 spell levels left.
You didn't know any spells.
Your spell library contained the following spells:

 Spells                   Type           Power      Damage    Failure   Level
 Tukima's Dance           Hex            2%         N/A       58%         3
 Passage of Golubria      Tloc           2%         N/A       94%         4
 Yara's Violent Unravell  Hex/Tmut       1%         3d3       100%        5


Dungeon Overview and Level Annotations

Branches:
Dungeon (2/15)

Altars:

Annotations:
D:2 1 runed translucent door, Crazy Yiuf, Natasha


Innate Abilities, Weirdness & Mutations

You have very sharp teeth.
Your uncanny sense of smell can sniff out nearby items.
Your experience applies equally to all skills.


Message History

Fire: a) +3 sling "Pikkeam" {antimagic, rPois Str+2}
Press: ? - help, Q - select action, (/) - cycle Shift-Dir - straight line, f/p - Natasha
Aim: Natasha, carrying a wand of flame (53% to hit)
You shoot a sling bullet. The sling bullet barely misses Natasha.
Natasha casts a spell.
The cerulean imp closely misses you. The cerulean imp barely misses you.
You see here a +0 plate armour.
The cerulean imp attacks as it pursues you!
The cerulean imp hits you but does no damage.
The cerulean imp attacks as it pursues you!
The cerulean imp barely misses you. The cerulean imp misses you.
Natasha wildly gestures.
Natasha's front paws start to glow.
The cerulean imp attacks as it pursues you!
The cerulean imp misses you.
Natasha extends her claws.
The cerulean imp hits you from afar with a +0 spear.
The cerulean imp attacks as it pursues you!
The cerulean imp barely misses you.
You see here an adder corpse.
The cerulean imp attacks as it pursues you!
The cerulean imp hits you from afar with a +0 spear.
* * * LOW HITPOINT WARNING * * *
There is an open door here.
The cerulean imp disappears in a puff of smoke!
Natasha mumbles some strange words.
The cerulean imp attacks as it pursues you!
The cerulean imp hits you from afar with a +0 spear.
* * * LOW HITPOINT WARNING * * *
The cerulean imp barely misses you.
The cerulean imp attacks as it pursues you!
The cerulean imp hits you but does no damage.
The cerulean imp attacks as it pursues you!
The cerulean imp hits you from afar with a +0 spear.
* * * LOW HITPOINT WARNING * * *
There is an open door here.
Natasha mumbles some strange words.
The cerulean imp hits you from afar with a +0 spear.
You die...

..# #.# #.# ##+## #.#
##...## #.# ##.....##
##.#########
##.......####..........# #
#.........##.....#####.#####
+.........'@........).......
#........5#..........#.#####
##.......##..........#.# ##.
##....h####.........#.# #.#
##...## ##...#...##.# #..
##5## ##.........# #.# #.#
#####†##### #.. #†# #.# #.#
##h## #.# #.#


You could see Natasha and 2 cerulean imps.

Vanquished Creatures
  2 adders (D:2)
  A dart slug (D:2)
  4 ball pythons
  2 bats (D:1)
  3 endoplasms
  4 giant cockroaches
  A goblin (D:1)
  5 hobgoblins
  6 kobolds
  A quokka (D:2)
  2 frilled lizards
  3 rats
34 creatures vanquished.

Notes
Turn   | Place    | Note
-------+----------+-------------------------------------------
     0 | D:1      | oldmanjim the Gnoll Wanderer began the quest for the Orb.
     0 | D:1      | oldmanjim set off with the following items: a +0 club, 2
                  | scrolls of teleportation, a potion of brilliance, a +0
                  | leather armour, a wand of acid (2).
     0 | D:1      | Reached XP level 1. HP: 23/23 MP: 4/4
   134 | D:1      | Reached XP level 2. HP: 29/29 MP: 5/5
   915 | D:2      | Reached XP level 3. HP: 35/35 MP: 7/7
  1022 | D:2      | Found a runed translucent door.
  1023 | D:2      | Noticed Crazy Yiuf
  1231 | D:2      | Reached skill level 1 in Invocations
  1427 | D:2      | Identified the +3 sling "Pikkeam" {antimagic, rPois Str+2}
  1455 | D:2      | Reached skill level 1 in Short Blades
  1455 | D:2      | Reached skill level 1 in Long Blades
  1455 | D:2      | Reached skill level 1 in Axes
  1455 | D:2      | Reached skill level 1 in Maces & Flails
  1455 | D:2      | Reached skill level 1 in Polearms
  1455 | D:2      | Reached skill level 1 in Staves
  1455 | D:2      | Reached skill level 1 in Ranged Weapons
  1455 | D:2      | Reached skill level 1 in Throwing
  1455 | D:2      | Reached skill level 1 in Dodging
  1455 | D:2      | Reached skill level 1 in Stealth
  1455 | D:2      | Reached skill level 1 in Shields
  1482 | D:2      | Noticed Natasha
  1511 | D:2      | Slain by a cerulean imp

Illustrated notes

Levels and vault maps discovered:
D:1:      evilmike_arrival_crescent, layout_loops_ring
D:2:      layout_loops_corners, ebering_ecumenical_altar_mist, uniq_jessica,
          uniq_crazy_yiuf_cottage, uniq_natasha

Skill      XL: |  1  2  3 |
---------------+----------+-----
Invocations    | 1 |  1.1
Short Blades   | 1 |  1.0
Long Blades    | 1 |  1.0
Axes           | 1 |  1.0
Maces & Flails | 1 |  1.0
Polearms       | 1 |  1.0
Staves         | 1 |  1.0
Ranged Weapons | 1 |  1.0
Throwing       | 1 |  1.0
Dodging        | 1 |  1.0
Stealth        | 1 |  1.0
Shields        | 1 |  1.0
Fighting       | |  6.5
Armour         | |  2.7
Unarmed Combat | |  2.7
Spellcasting   | |  2.9
Conjurations   | |  0.7
Hexes          | |  0.7
Summonings     | |  0.7
Necromancy     | |  0.7
Translocations | |  0.7
Transmutations | |  0.7
Fire Magic     | |  0.7
Ice Magic      | |  0.7
Air Magic      | |  0.7
Earth Magic    | |  0.7
Poison Magic   | |  0.7
Evocations     | |  8.5
Shapeshifting  | |  0.9

Action                     || total
---------------------------++-------
  Melee: Club              ||    12
         Bite              ||     3
   Fire: Sling             ||   167
 Armour: Leather armour    ||    60
  Dodge: Dodged            ||    78

Table legend: (Time is in decaauts)
 A = Elapsed time spent in this place.
 B = Non-inter-level travel time spent in this place.
 C = Inter-level travel time spent in this place.
 D = Time resting spent in this place.
 E = Time spent auto-exploring this place.
 F = Levels seen in this place.
 G = Mean time per level.
                   A        B        C        D        E       F      G
               +--------+--------+--------+--------+--------+-----+--------+
         Total |   1579 |   1517 |     62 |      0 |   1165 |   2 |  789.5 |
       Dungeon |   1579 |   1517 |     62 |      0 |   1165 |   2 |  789.5 |
               +--------+--------+--------+--------+--------+-----+--------+

Top non-repeatable levels by time:
     D:1: 862 daAuts
     D:2: 716 daAuts
